 Dungeon Crawl Stone Soup version 0.23.1-37-gaa34b87b72 (webtiles) character file.

Game seed: 3270281678159450878

8612 PentaManta the Spear-Bearer (level 11, -1/93 HPs)
             Began as a Merfolk Berserker on Mar 27, 2019.
             Was an Elder of Trog.
             Slain by a wraith (8 damage)
             ... led by Josephine
             ... on level 10 of the Dungeon.
             The game lasted 00:23:46 (9182 turns).

PentaManta the Spear-Bearer (Merfolk Berserker)     Turns: 9182, Time: 00:23:47

Health: -1/93      AC:  9    Str: 20    XL:     11   Next: 33%
Magic:  11/11      EV: 18    Int:  8    God:    Trog [****..]
Gold:   416        SH:  0    Dex: 13    Spells: 10/10 levels left

rFire    . . .     SeeInvis +   u - +0 halberd (freeze)
rCold    . . .     Gourm    .   (shield currently unavailable)
rNeg     . . .     Faith    .   r - +1 ring mail
rPois    .         Spirit   .   t - +2 hat
rElec    .         Reflect  .   n - +0 cloak
rCorr    .         Harm     .   (no gloves)
MR       +++..                  (no boots)
Stlth    +.........             (no amulet)
HPRegen  1.25/turn              f - ring of protection from magic
MPRegen  0.12/turn              E - ring of see invisible

@: berserk cooldown, regenerating, slowed, lightly drained, very slow
A: change form in water, swift swim, stealthy swim
a: Berserk, Trog's Hand, Brothers in Arms, Renounce Religion


You were on level 10 of the Dungeon.
You worshipped Trog.
Trog was greatly pleased with you.
You were near starving.

You visited 1 branch of the dungeon, and saw 10 of its levels.

You collected 416 gold pieces.

Inventory:

Hand Weapons
 b - the +2 war axe of Intuition {chop, rElec rPois Str+3 Stlth+}
   (You found it on level 4 of the Dungeon)

   It inflicts extra damage upon your enemies.
   It affects your strength (+3).
   It insulates you from electricity.
   It protects you from poison.
   It makes you more stealthy.
 u - a +0 halberd of freezing (weapon)
 y - a +0 trident
Missiles
 l - 7 silver javelins (quivered)
Armour
 n - a +0 cloak (worn)
 r - a +1 ring mail (worn)
 t - a +2 hat (worn)
 v - a +0 buckler
Jewellery
 f - a ring of protection from magic (left hand)
 D - the amulet "Gagaaruu" {Spirit *Drain SInv Stlth+}
   (You found it on level 7 of the Dungeon)

   [amulet of guardian spirit]

   It causes incoming damage to be split between your health and magic.
   It lets you see invisible.
   It causes draining when unequipped.
   It makes you more stealthy.
 E - a ring of see invisible (right hand)
 J - a +5 amulet of reflection {unknown}
Wands
 i - a wand of clouds (6)
 w - a wand of paralysis (5)
 x - a wand of iceblast (8)
 C - a wand of scattershot (4)
 H - a wand of flame (8)
Scrolls
 a - 3 scrolls of identify
 e - a scroll of enchant weapon
 k - 4 scrolls of enchant armour
 o - 4 scrolls of remove curse
 p - 7 scrolls of teleportation
 q - a scroll of blinking
 s - a scroll of fear
Potions
 d - 2 potions of heal wounds
 g - 3 potions of cancellation
 h - 2 potions of agility {unknown}
 j - 5 potions of curing
 m - a potion of brilliance {unknown}
 z - a potion of mutation {unknown}
 A - a potion of haste {unknown}
 B - a potion of might {unknown}
 F - 4 potions of degeneration {unknown}
 G - a potion of lignification {unknown}
Comestibles
 c - 24 rations


   Skills:
 + Level 11.3(10.6) Fighting
 + Level 14.2(13.5) Polearms
 - Level 1.3(0.8) Armour
 + Level 12.9(12.2) Dodging


You had 10 spell levels left.
You didn't know any spells.
Your spell library was empty.

Dungeon Overview and Level Annotations

Branches:
Dungeon (10/15)            Temple (0/1) D:7
   Lair: D:8-11         Orc: D:9-12

Altars:
Cheibriados
Dithmenos
Fedhas
Gozag
Kikubaaqudgha
Makhleb
Okawaru
Ru
Trog
Xom
Yredelemnul

Shops:
D:6 *


Message History

The wraith hits you.
* * * LOW HITPOINT WARNING * * *
The wraith drains your vigour!
You feel as though you will be slow longer.
The wraith hits you but does no damage. The wraith completely misses you.
Your ogre goes berserk!
You are near starving!
The wraith hits you!
* * * LOW HITPOINT WARNING * * *
The wraith drains your vigour!
You feel as though you will be slow longer.
The wraith hits you.
* * * LOW HITPOINT WARNING * * *
The wraith drains your vigour!
You feel as though you will be slow longer.
The wraith hits you.
* * * LOW HITPOINT WARNING * * *
The wraith barely misses you. The wraith closely misses you.
The wraith hits you!
You die...

#....###..###...###..##...##
#....####'###...###..##....#
#.....#..†..#.........#....#####
#.....#.....#.........'...##...#
#.....#.....#.........#...#.....
#.....#.....#.........#..†'....#
#.....#.....#.O.......#...#.)..#
#.....#.....#.W.W.....#...##...#
#.....#.....#..@W.....#...###'##
#...####...###..##...#######..(.
#...##########..##..[# #..(#
#............#........# #...#
#............#... ...# #....
#............#.... ..+ #....
######...##.####<. #...#
#...##..<#######... ##...#
#....#...#.....# #....#


You could see 3 wraiths and a friendly ogre (berserk).

Vanquished Creatures
  Josephine (D:10)
  A two-headed ogre (D:9)
  Urug (D:10)
  A manticore (D:8)
  An ugly thing (D:9)
  A troll (D:9)
  3 hippogriffs (D:8)
  A wraith (D:10)
  A wyvern (D:10)
  Eustachio (D:5)
  A hungry ghost (D:9)
  The ghost of sipior the Stinger, an amateur DrVM of Nemelex Xobeh (D:4)
  Edmund (D:5)
  A soldier ant (D:10)
  A water moccasin (D:8)
  3 ice beasts
  4 sky beasts
  An orc warrior (D:5)
  2 necrophages (D:9)
  2 black bears
  4 centaurs
  2 ogres
  A crocodile (D:7)
  3 big kobolds (D:9)
  8 bullfrogs
  Blork the orc (D:5)
  2 water moccasin zombies
  3 scorpions
  A water moccasin skeleton (D:4)
  A howler monkey (D:7)
  7 crimson imps
  A quasit (D:9)
  5 hounds
  4 orc priests
  3 jellies
  6 orc wizards
  3 bullfrog skeletons
  5 centaur skeletons
  2 iguanas
  7 worker ants
  A hound zombie (D:6)
  3 worker ant zombies
  14 adders
  3 shadow imps
  An ooze (D:2)
  2 adder zombies
  2 adder skeletons
  4 worms
  A dart slug (D:1)
  5 leopard geckos
  18 orcs
  4 bats
  7 giant cockroaches
  7 goblins
  7 hobgoblins
  10 kobolds
  4 quokkas
  3 ball pythons
  7 frilled lizards
  A giant cockroach zombie (D:4)
  A leopard gecko skeleton (D:4)
  A leopard gecko zombie (D:5)
  A quokka zombie (D:6)
  8 rats
213 creatures vanquished.

Vanquished Creatures (others)
  4 plants (D:9)
4 creatures vanquished.

Grand Total: 217 creatures vanquished

Notes
Turn   | Place    | Note
-------+----------+-------------------------------------------
     0 | D:1      | PentaManta the Merfolk Berserker began the quest for the
                  | Orb.
     0 | D:1      | Reached XP level 1. HP: 18/18 MP: 1/1
   170 | D:1      | Reached XP level 2. HP: 24/24 MP: 2/2
   985 | D:2      | Reached skill level 5 in Polearms
   985 | D:2      | Reached XP level 3. HP: 22/30 MP: 3/3
  1529 | D:2      | Found a basalt altar of Yredelemnul.
  1603 | D:2      | Reached XP level 4. HP: 29/37 MP: 4/4
  1611 | D:2      | Reached ** piety under Trog
  1710 | D:2      | Found an opulent altar of Gozag.
  1972 | D:3      | Reached XP level 5. HP: 37/43 MP: 5/5
  1999 | D:3      | Reached skill level 6 in Polearms
  2758 | D:3      | Found a snail-covered altar of Cheibriados.
  3004 | D:4      | Found a bloodstained altar of Trog.
  3132 | D:4      | Found an iron altar of Okawaru.
  3132 | D:4      | Noticed an ogre
  3139 | D:4      | Killed an ogre
  3139 | D:4      | Reached skill level 5 in Fighting
  3139 | D:4      | Reached skill level 5 in Dodging
  3139 | D:4      | Reached XP level 6. HP: 51/51 MP: 6/6
  3308 | D:4      | Got a dazzling war axe
  3321 | D:4      | Found a runed translucent gate.
  3321 | D:4      | Found a runed translucent gate.
  3324 | D:4      | Found a runed translucent gate.
  3326 | D:4      | Noticed sipior's ghost (amateur DrVM)
  3342 | D:4      | Killed sipior's ghost
  3342 | D:4      | Reached skill level 7 in Polearms
  3342 | D:4      | Reached XP level 7. HP: 56/56 MP: 7/7
  3597 | D:4      | Identified the +2 war axe of Intuition {chop, rElec rPois
                  | Str+3 Stlth+} (You found it on level 4 of the Dungeon)
  4118 | D:5      | Entered Level 5 of the Dungeon
  4125 | D:5      | Noticed Edmund
  4132 | D:5      | Killed Edmund
  4132 | D:5      | Reached skill level 8 in Polearms
  4214 | D:5      | Found a blossoming altar of Fedhas.
  4229 | D:5      | Found a shadowy altar of Dithmenos.
  4267 | D:5      | Reached *** piety under Trog
  4269 | D:5      | Noticed Eustachio
  4292 | D:5      | Killed Eustachio
  4292 | D:5      | Reached XP level 8. HP: 65/65 MP: 8/8
  4788 | D:5      | Noticed Blork the orc
  4796 | D:5      | Killed Blork the orc
  4796 | D:5      | Reached skill level 9 in Polearms
  5336 | D:6      | Found Leutwa's General Store.
  5398 | D:6      | Reached skill level 10 in Polearms
  5398 | D:6      | Reached XP level 9. HP: 57/74 MP: 9/9
  5560 | D:6      | Received a gift from Trog
  6316 | D:7      | Reached skill level 11 in Polearms
  6430 | D:7      | Found a staircase to the Ecumenical Temple.
  6548 | D:7      | Got a vibrating steel amulet
  6583 | D:7      | Reached skill level 10 in Dodging
  6592 | D:7      | Found an ancient bone altar of Kikubaaqudgha.
  6653 | D:7      | Found a sacrificial altar of Ru.
  6998 | D:8      | Noticed a manticore
  7006 | D:8      | Killed a manticore
  7006 | D:8      | Reached **** piety under Trog
  7006 | D:8      | Reached XP level 10. HP: 67/83 MP: 10/10
  7045 | D:8      | Identified the amulet "Gagaaruu" {Spirit *Drain SInv
                  | Stlth+} (You found it on level 7 of the Dungeon)
  7131 | D:8      | Reached skill level 12 in Polearms
  7592 | D:8      | Reached skill level 10 in Fighting
  7968 | D:9      | Noticed a cyan ugly thing
  7980 | D:9      | Killed a cyan ugly thing
  7980 | D:9      | Reached skill level 13 in Polearms
  8017 | D:9      | Noticed a two-headed ogre
  8464 | D:9      | Killed a two-headed ogre
  8464 | D:9      | Reached XP level 11. HP: 92/92 MP: 11/11
  8756 | D:9      | Found a burning altar of Makhleb.
  8757 | D:9      | Found a shimmering altar of Xom.
  8845 | D:10     | Entered Level 10 of the Dungeon
  8885 | D:10     | Noticed Urug
  8900 | D:10     | Killed Urug
  9053 | D:10     | Reached skill level 14 in Polearms
  9164 | D:10     | Noticed Josephine
  9179 | D:10     | Killed Josephine
  9182 | D:10     | Slain by a wraith

Skill      XL: |  1  2  3  4  5  6  7  8  9 10 11 |
---------------+----------------------------------+-----
Dodging        | 3 4 5 7 8 10 12 | 12.9
Polearms       | 5 6 7 8 10 11 13 14 | 14.2
Fighting       | 4 5 6 7 9 10 11 | 11.3
Armour         | |  1.3

Action                   |  1- 3 |  4- 6 |  7- 9 | 10-12 || total
-------------------------+-------+-------+-------+-------++-------
Melee: Spear             |   123 |   149 |   498 |       ||   770
       Trident           |       |       |    89 |   122 ||   211
       Halberd           |       |       |       |   170 ||   170
Throw: Javelin           |     2 |     2 |     1 |       ||     5
Invok: Berserk           |     1 |     2 |     9 |     6 ||    18
       Trog's Hand       |       |     1 |     1 |     2 ||     4
       Brothers in Arms  |       |       |       |     1 ||     1
  Use: Scroll            |     5 |     7 |     1 |     7 ||    20
       Potion            |       |       |       |     1 ||     1
 Stab: Sleeping          |     4 |       |       |       ||     4
  Eat: Chunk             |     3 |     7 |    14 |    12 ||    36
       Ration            |       |       |     2 |     1 ||     3
Armor: Animal skin       |    15 |    10 |       |       ||    25
       Ring mail         |       |    11 |   111 |    83 ||   205
Dodge: Dodged            |    53 |    73 |   265 |   302 ||   693
